 Dungeon Crawl Stone Soup version 0.32-a0-747-gc8563f6773 (webtiles) character file.

Game seed: 11378622597315612240

7711 gimp the Skirmisher (level 11, 0/89 HPs)
             Began as a Coglin Hunter on Mar 18, 2024.
             Succumbed to a hornet's poison
             ... on level 9 of the Dungeon.
             The game lasted 00:21:31 (9720 turns).

gimp the Skirmisher (Coglin Hunter)                 Turns: 9720, Time: 00:21:32

Health: 0/89       AC:  4    Str: 14    XL:     11   Next: 19%
Magic:  11/11      EV: 13    Int: 11    God:
Gold:   484        SH:  0    Dex: 21    Spells: 10/10 levels left

rFire   . . .        a - +2 sling (heavy) {Somchit}
rCold   . . .        d - +0 sling {Imanvir}
rNeg    . . .        c - +0 leather armour
rPois   .            (no helmet)
rElec   .            v - +0 cloak
rCorr   .            (no gloves)
SInv    .            (no boots)
Will    .....        (amulet unavailable)
Stlth   ++           (ring unavailable)
HPRegen 0.34/turn    (ring unavailable)
MPRegen 0.12/turn    (no gizmo)

%: no passive effects
@: lethally poisoned (0 -> -7), slowed, revving, very slow
A: off-hand wielding, slow wielding, warmup strikes, no jewellery, clever 1,
strong 1
a: Invent Gizmo


You were on level 9 of the Dungeon.
You visited 2 branches of the dungeon, and saw 10 of its levels.
You also visited: Bailey.

You collected 484 gold pieces.

Inventory:

Hand Weapons
 a - a +2 heavy sling (weapon) {Somchit}
 d - a +0 sling (offhand) {Imanvir}
 n - a +2 heavy sling
Missiles
 m - a throwing net
Armour
 c - a +0 leather armour (worn)
 r - a scarf of invisibility
 v - a +0 cloak (worn)
Wands
 b - a wand of acid (12)
 f - a wand of polymorph (10)
 q - a wand of roots (4)
 w - a wand of flame (31)
 z - a wand of charming (16)
Scrolls
 e - a scroll of amnesia
 h - 2 scrolls of blinking
 k - a scroll of noise
 o - 3 scrolls of enchant armour
 p - a scroll of immolation {unknown}
 y - a scroll of revelation
Potions
 i - 2 potions of mutation
 j - a potion of brilliance {unknown}
 l - a potion of haste
 s - a potion of berserk rage {unknown}
 t - a potion of lignification {unknown}
 u - 2 potions of enlightenment {unknown}
 x - 2 potions of attraction {unknown}


   Skills:
 - Level 9.0 Fighting
 * Level 13.1 Ranged Weapons
 + Level 4.6 Dodging
 - Level 0.7 Stealth


You had 10 spell levels left.
You didn't know any spells.
Your spell library contained the following spells:

 Spells                   Type           Power      Damage    Failure   Level
 Mercury Vapours          Alch/Air       0%         N/A       56%         2
 Mephitic Cloud           Conj/Alch/Air  0%         N/A       80%         3
 Tukima's Dance           Hex            0%         N/A       80%         3
 Passage of Golubria      Tloc           0%         N/A       99%         4
 Freezing Cloud           Conj/Ice/Air   0%         6-21      100%        5
 Yara's Violent Unravell  Hex/Alch       0%         3d3       100%        5


Dungeon Overview and Level Annotations

Branches:
Dungeon (9/15)             Temple (1/1) D:6          Bailey (visited)
   Lair: D:8-11         Orc: D:9-12

Altars:
Ashenzari
Cheibriados
Dithmenos
Elyvilon
Fedhas
Gozag
Hepliaklqana
Kikubaaqudgha
Makhleb
Nemelex Xobeh
Qazlal
Sif Muna
Uskayaw
Vehumet
Wu Jian
Xom
Yredelemnul
Zin
Jiyva

Annotations:
D:1 Natasha
D:2 1 runed translucent door, exclusion: door, Crazy Yiuf
D:7 Jeremiah


Innate Abilities, Weirdness & Mutations

You can wield a second weapon in your off-hand.
It takes a long time for you to wield or remove held weapons.
Your first few attacks do less damage.
You cannot equip rings or amulets.
Your mind is acute. (Int +4, Str/Dex -1)
Your muscles are strong. (Str +4, Int/Dex -1)


Message History

The killer bee barely misses you. The killer bee stings you.
You hear an angry buzzing noise.
You take 9 damage, and have 53/89 hp.
You shoot a sling bullet.
The sling bullet barely misses the killer bee.
You shoot a sling bullet. The sling bullet hits the killer bee.
The killer bee is severely wounded.
You feel sick. The killer bee stings you. The killer bee barely misses you.
You take 3 damage, and have 50/89 hp.
You shoot a sling bullet.
The sling bullet barely misses the killer bee.
The sling bullet barely misses the hornet.
You shoot a sling bullet.
The sling bullet closely misses the killer bee.
The sling bullet hits the hornet.
The hornet is lightly wounded.
You feel very sick. The killer bee stings you.
You are more poisoned.
The killer bee poisons you! The killer bee closely misses you.
You take 6 damage, and have 44/89 hp.
You are too injured to fight recklessly!
Aiming: Fastroot
Press: ? - help, Shift-Dir - straight line, f/p - killer bee
Aim: a killer bee (severely wounded)
The roots erupt in riotous growth!
Roots grab the killer bee.
Roots grab the hornet.
The grasping roots constrict the killer bee.
You kill the killer bee!
The grasping roots constrict the hornet.
You feel very sick.
You hear a shout!
The hornet struggles to escape constriction. x2
You take 3 damage, and have 41/89 hp.
The grasping roots constrict the hornet!
You feel very sick.
The hornet escapes!
You take 3 damage, and have 38/89 hp.
Fire: a) +2 sling (heavy) {Somchit}
Press: ? - help, Q - select action, (/) - cycle Shift-Dir - straight line, f - hornet
Aim: a hornet (heavily wounded, 61% to hit)
You shoot a sling bullet. The sling bullet hits the hornet.
The hornet is heavily wounded.
You shoot a sling bullet.
The sling bullet hits the hornet but does no damage.
The hornet is heavily wounded.
You feel very sick. The hornet stings you!
You feel yourself slow down.
You take 10 damage, and have 28/89 hp.
Fire: a) +2 sling (heavy) {Somchit}
Press: ? - help, Q - select action, (/) - cycle Shift-Dir - straight line, f/p - hornet
Aim: a hornet (heavily wounded, 61% to hit)
You shoot a sling bullet.
The sling bullet hits the hornet but does no damage.
The hornet is heavily wounded.
You shoot a sling bullet. The sling bullet misses the hornet.
You feel yourself speed up.
You feel very sick. The hornet stings you.
* * * LOW HITPOINT WARNING * * *
You are more poisoned.
You feel yourself slow down. The hornet closely misses you.
You take 5 damage, and have 23/89 hp.
Fire: a) +2 sling (heavy) {Somchit}
Press: ? - help, Q - select action, (/) - cycle Shift-Dir - straight line, f/p - hornet
Aim: a hornet (heavily wounded, 61% to hit)
Okay, then.
Aiming: Fastroot
Press: ? - help, Shift-Dir - straight line, f/p - hornet
Aim: a hornet (heavily wounded)
The roots erupt in riotous growth!
Roots grab the hornet.
The grasping roots constrict the hornet.
You feel very sick.
You hear an angry buzzing noise.
The hornet stings you!
* * * LOW HITPOINT WARNING * * *
You feel as though you will be slow longer.
The hornet misses you.
You take 17 damage, and have 6/89 hp.
You feel better.
The grasping roots constrict the hornet.
The hornet closely misses you. The hornet misses you.
You regained 9 hp, and now have 15/89 hp.
The grasping roots constrict the hornet!
You grasping roots sink back into the ground.
The hornet stings you!
* * * LOW HITPOINT WARNING * * *
You are lethally poisoned!
You feel as though you will be slow longer.
The hornet stings you.
* * * LOW HITPOINT WARNING * * *
You feel as though you will be slow longer.
The killer bee barely misses you.
You take 12 damage, and have 3/89 hp.
Okay, then.
Unknown command.
Unknown command.
You die...

#########
#.......##############
#.#####.##.†..........
#.# #......#####...##.
#.# #.#.#### #.....#.
#.# #@#.# ##...###
#.###.#.# ##.##
#...[yy.# #.#
#####.### #.# #.# #+#
#.# #.. ###. .y .


You could see a hornet and a killer bee.

Vanquished Creatures
  Pikel (D:7)
  Joseph (D:7)
  A wraith (D:8)
  12 yaks
  A steam dragon (D:8)
  Duvessa (D:5)
  4 water moccasins
  2 black bears (D:6)
  9 orc warriors (Bailey)
  2 sky beasts (D:8)
  An ogre (D:4)
  A lemure (D:7)
  10 centaurs
  A phantom (D:7)
  2 bullfrogs
  A scorpion (D:5)
  11 wights
  Dowan (D:5)
  11 killer bees
  A howler monkey (D:6)
  A crimson imp (D:8)
  3 hounds
  2 bombardier beetles
  A gnoll bouda (D:7)
  8 jellies
  2 sleepcaps
  An iguana (D:7)
  Natasha (D:1)
  7 adders
  13 gnolls
  A shadow imp (D:5)
  3 white imps
  2 ufetubi (D:6)
  5 ribbon worms
  28 orcs
  3 bats
  9 endoplasms
  3 giant cockroaches
  4 goblins
  5 hobgoblins
  4 jackals (D:3)
  A kobold (D:1)
  6 quokkas
  11 ball pythons
  A frilled lizard (D:1)
  7 rats
206 creatures vanquished.

Vanquished Creatures (collateral kills)
  A killer bee (D:8)
1 creature vanquished.

Vanquished Creatures (others)
  A killer bee (D:8)
1 creature vanquished.

Grand Total: 208 creatures vanquished

Notes
Turn   | Place    | Note
-------+----------+-------------------------------------------
     0 | D:1      | gimp the Coglin Hunter began the quest for the Orb.
     0 | D:1      | Reached XP level 1. HP: 16/16 MP: 1/1
    76 | D:1      | Reached XP level 2. HP: 22/22 MP: 2/2
   102 | D:1      | Found a faded altar of an unknown god.
   209 | D:1      | Reached skill level 4 in Ranged Weapons
   498 | D:1      | Reached XP level 3. HP: 28/28 MP: 3/3
   799 | D:2      | Noticed Natasha
   835 | D:1      | Killed Natasha
   836 | D:1      | Reached XP level 4. HP: 27/34 MP: 4/4
   891 | D:1      | Noticed Natasha
  1119 | D:2      | Found a runed translucent door.
  1120 | D:2      | Noticed Crazy Yiuf
  1382 | D:2      | Reached skill level 5 in Ranged Weapons
  1391 | D:2      | Reached XP level 5. HP: 38/41 MP: 5/5
  2088 | D:3      | Found a radiant altar of Vehumet.
  2088 | D:3      | Found an ancient bone altar of Kikubaaqudgha.
  2088 | D:3      | Found a shadowy altar of Dithmenos.
  2206 | D:3      | Found a snail-covered altar of Cheibriados.
  2431 | D:4      | Reached XP level 6. HP: 42/48 MP: 6/6
  2756 | D:4      | Reached skill level 6 in Ranged Weapons
  2854 | D:5      | Entered Level 5 of the Dungeon
  2878 | D:5      | Noticed Dowan
  2881 | D:5      | Noticed Duvessa
  3013 | D:5      | Reached XP level 7. HP: 25/55 MP: 7/7
  3658 | D:6      | Reached skill level 5 in Fighting
  3658 | D:6      | Reached skill level 7 in Ranged Weapons
  3882 | D:6      | Reached XP level 8. HP: 53/62 MP: 8/8
  4172 | D:6      | Reached skill level 8 in Ranged Weapons
  4410 | D:6      | Noticed a yak
  4411 | D:6      | Noticed a yak
  4428 | D:6      | Killed a yak
  4460 | D:6      | Noticed a yak
  4460 | D:6      | Noticed a yak
  4476 | D:6      | Gained mutation: Your muscles are strong. (Str +4, Int/Dex
                  | -1) [potion of mutation]
  4476 | D:6      | Gained mutation: Your mind is acute. (Int +4, Str/Dex -1)
                  | [potion of mutation]
  4480 | D:6      | Noticed a yak
  4481 | D:6      | Killed a yak
  4483 | D:6      | Killed a yak
  4486 | D:6      | Killed a yak
  4487 | D:6      | Reached skill level 9 in Ranged Weapons
  4487 | D:6      | Reached XP level 9. HP: 24/71 MP: 9/9
  4999 | D:6      | Found a staircase to the Ecumenical Temple.
  5010 | Temple   | Entered the Ecumenical Temple
  5388 | D:7      | Found a blossoming altar of Fedhas.
  5641 | D:7      | Noticed Jeremiah
  5723 | D:7      | Noticed Joseph
  5725 | D:7      | Found a white marble altar of Elyvilon.
  5753 | D:7      | Killed Joseph
  5754 | D:7      | Reached skill level 10 in Ranged Weapons
  5803 | D:7      | Found a flagged portal.
  5889 | Bailey   | Entered a bailey
  6334 | Bailey   | Reached XP level 10. HP: 74/80 MP: 10/10
  6338 | Bailey   | Reached skill level 11 in Ranged Weapons
  7204 | D:7      | Identified the +0 scale mail of the Elephant {Rampage
                  | Slay+5}
  7239 | D:7      | Found a hazy altar of Hepliaklqana.
  7254 | D:7      | Noticed Pikel
  7453 | D:7      | Killed Pikel
  7461 | D:7      | Reached skill level 12 in Ranged Weapons
  8353 | D:8      | Found a burning altar of Makhleb.
  8535 | D:8      | Found a viscous altar of Jiyva.
  8594 | D:8      | Found a broken altar of Ashenzari.
  8700 | D:8      | Reached XP level 11. HP: 89/89 MP: 11/11
  8855 | D:5      | Killed Duvessa
  8859 | D:5      | Killed Dowan
  9248 | D:8      | Found a basalt altar of Yredelemnul.
  9458 | D:9      | Reached skill level 13 in Ranged Weapons
  9686 | D:9      | Identified the +5 scale mail of the Hidden Vale {-Cast
                  | Will+ Str+4}
  9719 | D:9      | HP: 3/89 [hornet (3)]
  9720 | D:9      | Succumbed to a hornet's poison

Illustrated notes

Levels and vault maps discovered:
D:1:      minmay_arrival_semitransparent, layout_loops_ring,
          basic_ecumenical_altar, nicolae_concentric_dashed_squares_mild,
          feat_on_display
D:2:      layout_basic, uniq_crazy_yiuf_cottage, uniq_natasha
D:3:      layout_loops_cross, mainiacjoe_overflow_paths,
          gammafunk_temple_overflow_claw
D:4:      layout_rooms, palyth_stone_intersect
D:5:      layout_rooms, uniq_duvessa
D:6:      layout_basic, minmay_temple_entry_hall
D:7:      layout_cave_pools, mainiacjoe_overflow_alcove_4, elyvilon_altar_3,
          mainiacjoe_overflow_24_doors, enter_bailey_6, uniq_joseph,
          uniq_jeremiah, uniq_pikel
D:8:      layout_basic, makhleb_grotto_becter,
          mainiacjoe_overflow_concentric_impassable,
          lemuel_coloured_pillars_altar, jiyva_altar_1
D:9:      layout_loops_corners, trog_book, mainiacjoe_overflow_alcove_1,
          mainiacjoe_overflow_alcove_2, serial_shops, nicolae_square_shop, shop,
          nrook_uturn
Temple:   nicolae_temple_ecumenical_triangle

Skill      XL: |  1  2  3  4  5  6  7  8  9 10 11 |
---------------+----------------------------------+-----
Ranged Weapons | 4 5 6 7 9 10 12 13 | 13.1
Fighting       | 3 4 5 6 8 9 |  9.0
Dodging        | 4 |  4.6
Stealth        | |  0.7

Action                     |  1- 3 |  4- 6 |  7- 9 | 10-12 || total
---------------------------+-------+-------+-------+-------++-------
  Melee: Sling             |       |       |       |     6 ||     6
   Fire: Sling             |   116 |   302 |   510 |   512 ||  1440
  Evoke: Wand              |       |       |     7 |     9 ||    16
    Use: Potion            |       |     1 |     4 |     4 ||     9
         Scroll            |       |       |     7 |     2 ||     9
 Armour: Leather armour    |     5 |    48 |    89 |    87 ||   229
  Dodge: Dodged            |     8 |    28 |    72 |    65 ||   173

Table legend: (Time is in decaauts)
 A = Elapsed time spent in this place.
 B = Non-inter-level travel time spent in this place.
 C = Inter-level travel time spent in this place.
 D = Time resting spent in this place.
 E = Time spent auto-exploring this place.
 F = Levels seen in this place.
 G = Mean time per level.
                   A        B        C        D        E       F      G
               +--------+--------+--------+--------+--------+-----+--------+
         Total |   9828 |   9425 |    403 |   1026 |   6352 |  11 |  893.5 |
       Dungeon |   8667 |   8264 |    403 |    768 |   5873 |   9 |  963.0 |
        Temple |      1 |      1 |      0 |      0 |      0 |   1 |    1.0 |
        Bailey |   1159 |   1159 |      0 |    258 |    479 |   1 | 1159.0 |
               +--------+--------+--------+--------+--------+-----+--------+

Top non-repeatable levels by time:
     D:6: 2009 daAuts
     D:7: 1255 daAuts
  Bailey: 1159 daAuts
     D:8: 1066 daAuts
     D:5: 892 daAuts
     D:3: 848 daAuts
     D:1: 848 daAuts
     D:4: 828 daAuts
     D:2: 622 daAuts
     D:9: 296 daAuts
  Temple: 1 daAuts
